 Dungeon Crawl Stone Soup version 0.17.0-22-g5edae84 (console) character file.

7716 Kloppie the Fighter (level 11, -1/80 HPs)
             Began as a High Elf Earth Elementalist on Nov 13, 2015.
             Was an Elder of Vehumet.
             Slain by Snorg (16 damage)
             ... on level 10 of the Dungeon.
             The game lasted 00:45:15 (12011 turns).

Kloppie the Fighter (High Elf Earth Elementalist)  Turns: 12011, Time: 00:45:15

Health: -1/80      AC: 11    Str:  7    XL:     11   Next: 0%
Magic:  12/27      EV: 17    Int: 23    God:    Vehumet [****..]
Gold:   659        SH:  0    Dex: 16    Spells: 6 memorised, 1 level left

rFire  . . .     SeeInvis .     b - 124 stones
rCold  . . .     Clarity  .     F - +0 robe {MR+}
rNeg   . . .     SustAt   .     (no shield)
rPois  .         Gourm    .     (no helmet)
rElec  .         Spirit   .     m - +1 cloak
rCorr  .         Warding  .     (no gloves)
rMut   +         Stasis   .     (no boots)
MR     ++...                    G - amulet of resist mutation
Stlth  ++........               D - ring of magical power
                                t - +4 ring of protection

@: stone skin, very resistant to hostile enchantments, unstealthy
A: no striking features
a: Renounce Religion


You were on level 10 of the Dungeon.
You worshipped Vehumet.
Vehumet was greatly pleased with you.
You were near starving.

You visited 2 branches of the dungeon, and saw 11 of its levels.
You also visited: Bailey.

You collected 659 gold pieces.

Inventory:

Hand Weapons
 a - a +1 quarterstaff
 e - a +1 short sword of holy wrath
 y - a +2 dagger of venom
Missiles
 b - 124 stones (in hand)
 h - 24 poisoned needles
Armour
 m - a +1 cloak (worn)
 r - the +0 Maxwell's etheric cage {RegenMP *Contam rElec MP+4}
   (You found it in a bailey)

   It insulates you from electricity.
   It affects your magic capacity (+4).
   It causes magical contamination when unequipped.
 F - a +0 robe of magic resistance (worn)
Jewellery
 t - a +4 ring of protection (left hand)
 D - a ring of magical power (right hand)
 E - an uncursed ring of sustain attributes
 G - an amulet of resist mutation (around neck)
Scrolls
 f - 3 scrolls of fog
 i - a scroll of remove curse
 k - 4 scrolls of recharging
 v - 4 scrolls of enchant armour
 H - 3 scrolls of amnesia {unknown}
 J - a scroll of identify
Potions
 l - 4 potions of heal wounds
 n - 3 potions of curing
 o - a potion of agility {unknown}
 p - 2 potions of invisibility
 q - a potion of resistance
 s - 2 potions of flight {unknown}
 u - 2 potions of cancellation
 w - 2 potions of lignification
 x - 11 potions of poison
 z - a potion of ambrosia
 A - 2 potions of mutation {unknown}
 B - a potion of haste
 C - 2 potions of magic {unknown}
Books
 c - a book of Geomancy

   Spells                             Type                      Level
   a - Sandblast                      Earth                        1
   b - Stoneskin                      Transmutation/Earth          2
   c - Passwall                       Transmutation/Earth          3
   d - Stone Arrow                    Conjuration/Earth            3
   e - Petrify                        Transmutation/Earth          4
   f - Lee's Rapid Deconstruction     Earth                        5
 g - a book of Hinderance

   Spells                             Type                      Level
   a - Confusing Touch                Hexes                        2
   b - Confuse                        Hexes                        3
   c - Gell's Gravitas                Hexes/Translocation          3
   d - Petrify                        Transmutation/Earth          4
   e - Metabolic Englaciation         Hexes/Ice                    5
 K - a book of Minor Magic

   Spells                             Type                      Level
   a - Magic Dart                     Conjuration                  1
   b - Blink                          Translocation                2
   c - Call Imp                       Summoning                    2
   d - Repel Missiles                 Charms/Air                   2
   e - Slow                           Hexes                        2
   f - Conjure Flame                  Conjuration/Fire             3
   g - Mephitic Cloud                 Conjuration/Poison/Air       3
Comestibles
 d - 2 bread rations
 j - a royal jelly


   Skills:
 + Level 9.3 Fighting
 + Level 7.4 Dodging
 - Level 2.1 Stealth
 - Level 4.5 Spellcasting
 - Level 6.6 Conjurations
 + Level 2.3 Charms
 - Level 4.0 Transmutations
 + Level 1.9 Fire Magic
 - Level 8.2 Earth Magic


You had one spell level left.
You knew the following spells:

 Your Spells              Type           Power        Failure   Level  Hunger
a - Sandblast             Erth           #####.       1%          1    None
b - Stoneskin             Trmt/Erth      ####....     1%          2    None
c - Stone Arrow           Conj/Erth      #####.       1%          3    ##.....
d - Lee's Rapid Deconstr  Erth           #####.....   3%          5    #####..
e - Bolt of Magma         Conj/Fire/Erth ####......   9%          5    #####..
f - Repel Missiles        Chrm/Air       ##....       12%         2    None


Dungeon Overview and Level Annotations

Branches:
Dungeon (10/15)            Temple (1/1) D:4            Lair (0/8) D:9
    Orc: D:9-12

Altars:
Ashenzari
Cheibriados
Dithmenos
Elyvilon
Fedhas
Gozag
Kikubaaqudgha
Makhleb
Nemelex Xobeh
Qazlal
Ru
Sif Muna
Trog
Vehumet
Xom
Yredelemnul
Zin
The Shining One

Annotations:
D:3 1 exclusion
D:4 P0WERM0DE's ghost, amateur HEEE
D:10 Snorg


Message History

Aiming: Stone Arrow
Press: ? - help, Shift-Dir - straight line, f/p - Snorg
Aim: Snorg (moderately wounded, berserk, fast, unusually strong)
The stone arrow hits Snorg.
Snorg is moderately wounded.
Snorg bites you. Snorg claws you but does no damage. Snorg closely misses you.
Snorg barely misses you. Snorg claws you!
* * * LOW HITPOINT WARNING * * *
Snorg completely misses you.
Casting: Stone Arrow
Confirm with . or Enter, or press ? or * to list all spells.
Aiming: Stone Arrow
Press: ? - help, Shift-Dir - straight line, f/p - Snorg
Aim: Snorg (moderately wounded, berserk, fast, unusually strong)
The stone arrow hits Snorg.
Snorg is moderately wounded.
Snorg barely misses you. Snorg claws you!
* * * LOW HITPOINT WARNING * * *
Snorg claws you!
You die...

.... ... ...
### #.. ##.##
#5# #...# #Z#
#...# #T#
#...# #@#
#...## #.#
#....# ##(#
#....# #.(#
### ##.#.##
#.## ...
###..# #.#
.... #..####.#
.....
##...##.###...
#.#.#..#...


You could see Snorg (berserk), a shadow imp and a wyvern zombie.

Vanquished Creatures
  An orc knight (Bailey)
  Pikel (D:6)
  The ghost of OmG the Thaumaturge, a novice DEWz of Sif Muna (D:8)
  A freezing wraith (D:9)
  Sigmund (D:6)
  A hungry ghost (D:10)
  2 wyverns
  5 hippogriffs
  A porcupine (D:9)
  A black bear (D:9)
  6 orc warriors
  5 ice beasts
  2 phantoms (D:5)
  2 sky beasts
  A wasp (D:10)
  5 ogres
  2 slaves (D:6)
  The ghost of hackum the Shield-Bearer, an amateur FoFi (D:3)
  A necrophage (D:7)
  2 centaurs
  A big kobold (D:7)
  3 giant frogs
  A water moccasin zombie (D:6)
  2 scorpions
  3 wights (D:9)
  8 killer bees (D:7)
  7 crimson imps
  4 hounds
  6 jellies
  4 hell rats (D:9)
  2 giant frog zombies (D:6)
  An orc priest (D:7)
  An iron imp (D:8)
  3 giant frog skeletons
  7 orc wizards
  4 iguanas
  2 worker ants
  2 hound zombies
  2 hound skeletons
  11 gnolls
  2 worker ant zombies
  12 adders
  An adder zombie (D:5)
  3 adder skeletons
  2 worms (D:2)
  6 giant geckos
  30 orcs
  A ball python (D:6)
  13 bats
  3 giant cockroaches
  10 goblins
  9 hobgoblins
  10 jackals
  2 quokkas
  5 giant newts
  A jackal zombie (D:8)
  9 kobolds
  A quokka skeleton (D:5)
  15 rats
251 creatures vanquished.

Vanquished Creatures (others)
  A quokka (D:6)
1 creature vanquished.

Grand Total: 252 creatures vanquished

Notes
Turn   | Place    | Note
--------------------------------------------------------------
     0 | D:1      | Kloppie the High Elf Earth Elementalist began the quest for the Orb.
     0 | D:1      | Reached XP level 1. HP: 11/11 MP: 4/4
   174 | D:1      | Reached skill level 1 in Fighting
   371 | D:1      | Reached XP level 2. HP: 18/18 MP: 6/6
   772 | D:1      | Learned a level 2 spell: Stoneskin
   878 | D:1      | Reached skill level 3 in Spellcasting
  1023 | D:2      | Reached XP level 3. HP: 19/23 MP: 6/8
  1107 | D:2      | Found a shadowy altar of Dithmenos.
  1182 | D:2      | Found a blossoming altar of Fedhas.
  1262 | D:2      | Reached XP level 4. HP: 27/29 MP: 6/10
  1584 | D:2      | Found a sacrificial altar of Ru.
  1734 | D:3      | Found a sparkling altar of Nemelex Xobeh.
  1844 | D:3      | Noticed hackum's ghost (amateur FoFi)
  1863 | D:3      | Killed hackum's ghost
  1863 | D:3      | Reached skill level 4 in Spellcasting
  1863 | D:3      | Reached XP level 5. HP: 8/35 MP: 1/12
  2281 | D:3      | Found a glowing golden altar of the Shining One.
  2405 | D:4      | Noticed P0WERM0DE's ghost (amateur HEEE)
  2440 | D:4      | Found a staircase to the Ecumenical Temple.
  2447 | Temple   | Entered the Ecumenical Temple
  2628 | Temple   | Became a worshipper of Vehumet
  2680 | D:5      | Entered Level 5 of the Dungeon
  2762 | D:5      | Learned a level 3 spell: Stone Arrow
  2802 | D:5      | Reached XP level 6. HP: 33/42 MP: 11/13
  3033 | D:5      | Reached skill level 1 in Conjurations
  3043 | D:5      | Noticed a phantom
  3390 | D:5      | Found an ancient bone altar of Kikubaaqudgha.
  3535 | D:5      | Killed a phantom
  3730 | D:5      | Reached XP level 7. HP: 31/48 MP: 7/14
  3795 | D:5      | Noticed an ogre
  3802 | D:5      | Killed an ogre
  3993 | D:5      | Learned a level 5 spell: Lee's Rapid Deconstruction
  4262 | D:6      | Noticed Pikel
  4342 | D:6      | Reached * piety under Vehumet
  4342 | D:6      | Offered knowledge of Shock by Vehumet.
  4486 | D:6      | Reached skill level 5 in Earth Magic
  4633 | D:6      | Reached skill level 5 in Fighting
  4633 | D:6      | Reached XP level 8. HP: 23/55 MP: 9/15
  5150 | D:6      | Found a white marble altar of Elyvilon.
  5161 | D:6      | Reached skill level 5 in Conjurations
  5579 | D:6      | Noticed Sigmund
  5588 | D:6      | Killed Sigmund
  6018 | D:6      | Killed Pikel
  6018 | D:6      | Reached skill level 6 in Fighting
  6018 | D:6      | Reached XP level 9. HP: 46/63 MP: 9/16
  6313 | D:7      | Found a flagged portal.
  6340 | Bailey   | Entered a bailey
  6720 | Bailey   | Reached skill level 7 in Fighting
  6789 | Bailey   | Reached ** piety under Vehumet
  6789 | Bailey   | Offered knowledge of Flame Tongue by Vehumet.
  7069 | Bailey   | Noticed an orc knight
  7846 | Bailey   | Killed an orc knight
  7846 | Bailey   | Reached skill level 5 in Dodging
  8447 | D:7      | Reached skill level 8 in Fighting
  8724 | D:7      | Reached XP level 10. HP: 30/72 MP: 8/17
  8726 | D:7      | Offered knowledge of Static Discharge by Vehumet.
  9017 | D:7      | Found an opulent altar of Gozag.
  9611 | D:7      | Reached *** piety under Vehumet
  9967 | D:8      | Found a shattered altar of Ashenzari.
 10125 | D:8      | Offered knowledge of Ignite Poison by Vehumet.
 10273 | D:8      | Found a snail-covered altar of Cheibriados.
 10278 | D:8      | Noticed OmG's ghost (novice DEWz)
 10309 | D:8      | Killed OmG's ghost
 10575 | D:8      | Found a deep blue altar of Sif Muna.
 10689 | D:9      | Found a staircase to the Lair.
 10870 | D:9      | Reached skill level 9 in Fighting
 10947 | D:9      | Reached **** piety under Vehumet
 11015 | D:9      | Offered knowledge of Bolt of Magma by Vehumet.
 11036 | D:9      | Learned a level 5 spell: Bolt of Magma
 11082 | D:9      | Found a glowing silver altar of Zin.
 11160 | D:9      | Learned a level 2 spell: Repel Missiles
 11242 | D:9      | Reached skill level 1 in Charms
 11246 | D:9      | Reached skill level 1 in Fire Magic
 11805 | D:10     | Entered Level 10 of the Dungeon
 11999 | D:10     | Noticed Snorg
 12008 | D:10     | Reached XP level 11. HP: 59/80 MP: 18/18
 12011 | D:10     | Slain by Snorg

Action                   |  1- 3 |  4- 6 |  7- 9 | 10-12 || total
-------------------------+-------+-------+-------+-------++-------
Melee: Spear             |    14 |       |       |       ||    14
       Short sword       |    89 |    84 |   148 |     1 ||   322
       Dagger            |       |       |    31 |       ||    31
       Quarterstaff      |       |       |       |    83 ||    83
Throw: Stone             |     2 |       |       |       ||     2
 Cast: Sandblast         |    10 |    58 |   121 |   100 ||   289
       Stoneskin         |       |     1 |    11 |     6 ||    18
       Stone Arrow       |       |     1 |    84 |    65 ||   150
       Lee's Rapid Decon |       |       |     1 |     2 ||     3
  Use: Scroll            |       |       |    16 |     5 ||    21
       Potion            |       |       |     1 |       ||     1
 Stab: Sleeping          |     9 |     2 |     3 |     2 ||    16
  Eat: Chunk             |     1 |     5 |     4 |     5 ||    15
       Pizza             |       |     1 |       |       ||     1
       Meat ration       |       |       |     1 |       ||     1
       Fruit             |       |       |     3 |       ||     3
       Bread ration      |       |       |     2 |     2 ||     4
